 Dungeon Crawl Stone Soup version 0.19.1 (webtiles) character file.

111692 XO4YCPATb the Carver (level 16, -6/116 HPs)
             Began as a Grey Draconian Necromancer on Dec 1, 2016.
             Was the Champion of Kikubaaqudgha.
             Mangled by a deep elf archer
             ... wielding a +0 long sword
              (11 damage)
             ... on level 1 of the Elven Halls.
             The game lasted 03:04:57 (30260 turns).

XO4YCPATb the Carver (Grey Draconian Necromancer)  Turns: 30260, Time: 03:04:58

Health: -6/116     AC: 21    Str: 10    XL:     16   Next: 10%
Magic:  24/31      EV: 18    Int: 24    God:    Kikubaaqudgha [******]
Gold:   1578       SH:  6    Dex: 14    Spells: 10 memorised, 6 levels left

rFire  . . .     SeeInvis +     f - +8 demon blade (freeze)
rCold  + + .     Gourm    .     (armour unavailable)
rNeg   + + +     Faith    .     U - +1 buckler {rN+}
rPois  .         Spirit   .     l - +0 mask of the Dragon {MR+ Slay+3 SInv}
rElec  .         Reflect  .     q - +1 cloak {rC+}
rCorr  +         Harm     .     p - +1 pair of gloves "Dausag" {*Drain rC+ Int+3}
MR     +++++     Clarity  +     K - +2 pair of boots
Stlth  ++........               Z - amulet of the Four Winds {rN+ MR+++ Clar}
                                g - ring of resist corrosion
                                L - ring of positive energy

@: about to teleport, repel missiles
A: walk through water, unfitting armour, unbreathing, cold-blooded, AC +14
a: Receive Corpses, Torment, Renounce Religion


You were on level 1 of the Elven Halls.
You worshipped Kikubaaqudgha.
Kikubaaqudgha was exalted by your worship.
You were hungry.

You visited 4 branches of the dungeon, and saw 24 of its levels.
You also visited: Labyrinth and Ice Cave.

You collected 2603 gold pieces.
You spent 1025 gold pieces at shops.

Inventory:

Hand Weapons
 a - a +1 scimitar of flaming
 f - a +8 demon blade of freezing (weapon)
Missiles
 d - a throwing net (quivered)
Armour
 l - the +0 mask of the Dragon (worn) {MR+ Slay+3 SInv}
   (You found it in an ice cave)

   It affects your accuracy and damage with ranged weapons and melee attacks
   (+3).
   It affects your resistance to hostile enchantments.
   It lets you see invisible.
 p - the +1 pair of gloves "Dausag" (worn) {*Drain rC+ Int+3}
   (You found it on level 5 of the Dungeon)

   It affects your intelligence (+3).
   It protects you from cold.
   It causes draining when unequipped.
 q - a +1 cloak of cold resistance (worn)
 K - a +2 pair of boots (worn)
 U - a +1 buckler of positive energy (worn)
Jewellery
 g - a ring of resist corrosion (right hand)
 s - an uncursed ring of see invisible
 J - an uncursed ring of ice
 L - a ring of positive energy (left hand)
 N - an uncursed ring of flight
 Z - the amulet of the Four Winds (around neck) {rN+ MR+++ Clar}
   (You found it in a labyrinth)

   [amulet of nothing]

   It protects you from negative energy.
   It affects your resistance to hostile enchantments.
   It protects you against confusion.
Wands
 e - a wand of teleportation (4/9)
 h - a wand of confusion (41/48)
 y - a wand of polymorph (11/24)
 O - a wand of lightning (7/15)
 W - a wand of acid (3/15)
Scrolls
 m - 5 scrolls of fear
 n - 2 scrolls of identify
 r - 3 scrolls of teleportation
 B - a scroll of torment
 D - 2 scrolls of noise
 F - 2 scrolls of vulnerability
 H - 2 scrolls of fog
 P - 2 scrolls of remove curse
Potions
 i - 10 potions of curing
 j - 3 potions of haste
 t - 5 potions of agility
 v - 4 potions of brilliance
 w - 2 potions of resistance
 x - 4 potions of lignification
 A - a potion of flight
 E - 3 potions of might
 G - a potion of magic
 I - a potion of cancellation
Comestibles
 b - 15 bread rations
 c - 2 meat rations
 o - 12 fruits


   Skills:
 - Level 3.8 Fighting
 - Level 14.7 Long Blades
 + Level 9.1 Dodging
 - Level 1.7 Stealth
 - Level 5.8 Shields
 + Level 11.0 Spellcasting
 - Level 4.1 Conjurations
 - Level 6.1 Charms
 + Level 13.6 Necromancy
 - Level 4.2 Translocations
 - Level 10.0 Ice Magic
 - Level 2.6 Air Magic
 - Level 2.0 Poison Magic


You had 6 spell levels left.
You knew the following spells:

 Your Spells              Type           Power        Failure   Level  Hunger
a - Sublimation of Blood  Necr           ######....   1%          2    None
b - Animate Skeleton      Necr           N/A          1%          1    None
c - Regeneration          Chrm/Necr      ######....   1%          3    None
d - Animate Dead          Necr           N/A          1%          4    None
e - Repel Missiles        Chrm/Air       ####..       1%          2    None
f - Mephitic Cloud        Conj/Pois/Air  ####....     4%          3    None
g - Excruciating Wounds   Chrm/Necr      ######....   2%          5    ####...
h - Blink                 Tloc           N/A          1%          2    None
i - Simulacrum            Ice/Necr       ######....   8%          6    #####..
j - Ozocubu's Armour      Chrm/Ice       ######..     1%          3    None


Dungeon Overview and Level Annotations

Branches:
Dungeon (15/15)            Temple (0/1) D:7            Lair (6/6) D:9
 Shoals (0/4) Lair:4       Spider (0/4) Lair:3        Slime (0/5) Lair:5
    Orc (2/2) D:9             Elf (1/3) Orc:2        Vaults (0/5) D:13
 Depths (0/5) D:15

Altars:
Cheibriados
Dithmenos
Kikubaaqudgha
Makhleb
Nemelex Xobeh
Okawaru
Sif Muna
Vehumet
Xom
Zin
The Shining One
Beogh
Jiyva

Shops:
Orc:1 *   Orc:2 %(!:}

Portals:
Hell: Lair:6


Innate Abilities, Weirdness & Mutations

You can walk through water.
Your dull iron-grey scales are very hard. (AC +14)
You cannot fit into any form of body armour.
You can survive without breathing.
You are cold-blooded and may be slowed by cold attacks.


Message History

The deep elf archer convulses!
The deep elf high priest convulses! x2
The deep elf demonologist convulses!
The deep elf mage convulses!
The orc high priest convulses!
The deep elf archer points at you and mumbles some strange words.
You resist with almost no effort.
The neqoxec gestures.
Okay, then.
As you read the scroll of teleportation, it crumbles to dust.
You feel strangely unstable. The deep elf mage casts a spell at you.
The bolt of lightning misses you.
The bolt of lightning hits the blizzard demon.
The blizzard demon completely resists.
The bolt of lightning hits the Hell Sentinel.
The Hell Sentinel completely resists.
The ice devil closely misses you. The blizzard demon closely misses you.
The blizzard demon hits you.
* * * LOW HITPOINT WARNING * * *
The deep elf archer hits you with an uncursed long sword!
You die...
Kikubaaqudgha rasps: "You have failed me!
Welcome... death!"

*8........8# #######...##
*8,..4.e..8* ##....#
**,.#..#3.*# #......
*8,,.....,8#### #.#.##.
*8,,..ee,.8#..# ####.#.##.
**++#o'#''#*#.# #.........
#,,#))...# #.# #.##..###.
#.##(##*** #.#########.##..###.
#...))## ##ee@2135............
##..)o)####o3e4e1e###......####
#...))))#..#####.5##......#
#....3#)#†## ##.##.##.#.#
##§..##.#Z# #.##.#..#.####
######e2## ##.#.#.##.#... #..#
#.#.#........ ***#..#*
##.#......#... *,,..#.*
#.####..######


You could see a Hell Sentinel, a Brimstone Fiend, a blizzard demon, an orc high
priest, a deep elf demonologist, a deep elf archer, 2 deep elf high priests, an
ice devil, a deep elf mage, 2 neqoxecs, an iron imp and a shadow imp.

Vanquished Creatures
  2 dire elephants (Lair:6)
  An ettin (Orc:2)
  Snorg (Lair:3)
  Harold (Lair:3)
  4 vault guards (D:13)
  4 hydras
  7 centaur warriors
  The ghost of Sagrath01 the Frost Mage, a journeyman MfIE of Yredelemnul (D:10)
  Erica (D:8)
  5 ogre magi
  3 dancing weapons (Elf:1)
  A tengu warrior (D:13)
  2 death knights
  Urug (Orc:1)
  3 deep elf knights
  4 skeletal warriors
  Nergalle (D:10)
  A fire crab (shapeshifter) (Elf:1)
  2 unseen horrors
  4 lindwurms (D:12)
  A wizard (Lair:6)
  Pikel (D:6)
  4 hill giants
  A phantasmal warrior (D:14)
  2 deep elf archers
  A necromancer (D:15)
  An orc knight (D:15)
  A wolf spider zombie (D:15)
  6 ugly things
  2 orc sorcerers (D:15)
  15 deep elf magi
  A cyclops (Orc:1)
  5 manticores
  4 black mambas
  14 elephants
  A naga mage (D:15)
  6 spiny frogs
  A molten gargoyle (Lair:3)
  An ice statue (IceCv)
  A yaktaur (D:14)
  7 komodo dragons
  4 rime drakes
  2 freezing wraiths
  An efreet (D:15)
  A golden dragon simulacrum (IceCv)
  A harpy zombie (D:15)
  3 meliai (D:14)
  7 trolls
  12 two-headed ogres
  2 hornets
  A polar bear (Lair:4)
  22 blink frogs
  14 slime creatures
  13 hippogriffs
  3 centaur simulacra
  A spriggan (D:7)
  2 wraiths
  An air elemental (Elf:1)
  A water elemental (D:15)
  A shadow (D:11)
  5 wyverns
  12 yaks
  6 basilisks
  2 fire elementals (Elf:1)
  2 hungry ghosts
  A death yak simulacrum (IceCv)
  5 vampire mosquitoes
  2 wargs
  2 soldier ants
  2 mottled dragons
  The ghost of Paps the Gusty, an amateur HEAE (D:4)
  5 water moccasins
  Edmund (D:4)
  A harpy simulacrum (IceCv)
  A hell hound (shapeshifter) (D:14)
  2 hell hounds (Lair:6)
  A hydra simulacrum (IceCv)
  9 porcupines
  3 slaves
  3 black bears
  2 sky beasts
  4 ice beasts
  4 phantoms
  6 necrophages
  19 orc warriors
  2 eyes of draining
  29 ogres
  2 wolves (D:15)
  5 boggarts (D:14)
  9 centaurs
  15 crocodiles
  A big kobold (D:9)
  21 bullfrogs
  A wyvern zombie (D:12)
  An earth elemental (Elf:1)
  A wyvern skeleton (D:14)
  3 scorpions
  4 killer bees (D:13)
  15 wights
  6 howler monkeys
  4 electric eels
  A draconian simulacrum (IceCv)
  5 centaur zombies
  10 crimson imps
  5 bullfrog zombies
  4 lava snakes (Lair:3)
  4 jellies
  4 bullfrog skeletons
  29 orc wizards
  16 orc priests
  4 centaur skeletons
  6 hounds
  A gnoll shaman (D:5)
  Terence (D:2)
  18 iguanas
  A polar bear simulacrum (IceCv)
  10 worker ants
  2 troll simulacra (IceCv)
  A killer bee zombie (D:8)
  A hound zombie (D:9)
  3 hound skeletons
  A worker ant zombie (D:8)
  A howler monkey zombie (D:10)
  A mummy (D:10)
  14 gnolls
  13 adders
  A naga simulacrum (IceCv)
  4 river rats
  2 shadow imps
  6 white imps
  6 ufetubi
  2 oozes
  2 adder skeletons
  3 worms
  2 dart slugs
  10 leopard geckos
  66 orcs
  3 giant cockroaches
  6 hobgoblins
  6 jackals (D:6)
  8 kobolds
  6 quokkas
  3 ball pythons
  8 bats
  8 frilled lizards
  8 goblins
  2 leopard gecko skeletons
  A leopard gecko zombie (D:9)
  7 rats
763 creatures vanquished.

Vanquished Creatures (collateral kills)
  The ghost of markt42 the Spear-Bearer, a journeyman HOFi of Okawaru (D:13)
  A minotaur (Lab)
  Erolcha (D:13)
  7 hydras
  An ice dragon (Lair:6)
  2 centaur warriors (D:14)
  A deep troll earth mage (D:14)
  A sun demon (Lair:6)
  A hill giant (D:13)
  An orc knight (Orc:1)
  A cyclops (D:14)
  A slime creature (D:14)
  3 elephants
  A naga mage (D:15)
  2 black mambas
  A centaur zombie (D:15)
  A molten gargoyle (Lair:3)
  A smoke demon (Lair:6)
  4 spiny frogs
  A centaur skeleton (D:15)
  5 ice devils (Lair:6)
  2 komodo dragons
  A hellwing (Lair:6)
  4 rime drakes (Lair:5)
  A red devil (Lair:6)
  A minotaur zombie (Lab)
  A troll (D:12)
  A two-headed ogre (Orc:2)
  2 polar bears (Lair:4)
  6 blink frogs
  5 hippogriffs
  A wraith (D:12)
  6 wyverns
  4 yaks
  7 basilisks
  A vampire mosquito (D:15)
  4 water moccasins
  A porcupine (Lair:5)
  4 orc warriors
  2 necrophages (D:10)
  4 ogres
  A centaur (D:6)
  2 crocodiles
  3 bullfrogs (Lair:5)
  2 killer bees (D:13)
  A wight (D:14)
  A lava snake (Lair:3)
  A crimson imp (D:4)
  A bullfrog skeleton (D:10)
  2 orc priests
  2 iguanas (D:9)
  3 orc wizards
  2 worker ants
  A gnoll (D:1)
  2 shadow imps
  A white imp (Lair:6)
  An ooze (D:3)
  A dart slug (D:2)
  A leopard gecko (D:6)
  9 orcs
  A hobgoblin (D:1)
  A jackal (D:6)
  A quokka (D:12)
  A bat (D:3)
  A frilled lizard (D:4)
  2 rats
  4 fungi
  5 plants
149 creatures vanquished.

Vanquished Creatures (others)
  A deep elf archer (Elf:1)
  The ghost of Haldmier the Destroyer, a novice DECj of Kikubaaqudgha (D:7)
  An orange demon (Lair:6)
  A hippogriff (D:15)
  A slave (D:6)
  An orc wizard (D:6)
  An ufetubus (IceCv)
  A goblin (D:8)
  A fulminant prism (D:7)
  3 fungi
  4 plants
16 creatures vanquished.

Grand Total: 928 creatures vanquished

Notes
Turn   | Place    | Note
-------+----------+-------------------------------------------
     0 | D:1      | XO4YCPATb the Draconian Necromancer began the quest for the Orb.
     0 | D:1      | Reached XP level 1. HP: 14/14 MP: 3/3
    15 | D:1      | Learned a level 1 spell: Animate Skeleton
   265 | D:1      | Reached XP level 2. HP: 16/20 MP: 0/5
   581 | D:1      | Reached skill level 5 in Necromancy
   581 | D:1      | Reached XP level 3. HP: 10/26 MP: 1/6
   586 | D:1      | Learned a level 3 spell: Regeneration
  1085 | D:1      | Reached skill level 1 in Charms
  1387 | D:1      | Reached XP level 4. HP: 22/33 MP: 0/7
  1615 | D:2      | Found an ancient bone altar of Kikubaaqudgha.
  1631 | D:2      | Became a worshipper of Kikubaaqudgha
  1925 | D:2      | Noticed Terence
  1934 | D:2      | Killed Terence
  2203 | D:2      | Reached XP level 5. HP: 37/38 MP: 5/8
  2337 | D:3      | Noticed a phantom
  2496 | D:3      | Reached * piety under Kikubaaqudgha
  2496 | D:3      | Identified Kikubaaqudgha's Almanac of Evil Magic (Kikubaaqudgha gifted it to you on level 3 of the Dungeon)
  2496 | D:3      | Received a gift from Kikubaaqudgha
  2710 | D:3      | Killed a phantom
  2783 | D:3      | Reached XP level 6. HP: 43/45 MP: 5/9
  2983 | D:3      | Learned a level 4 spell: Animate Dead
  3719 | D:4      | Noticed Edmund
  3740 | D:4      | Killed Edmund
  3779 | D:4      | Learned a level 2 spell: Repel Missiles
  3787 | D:4      | Reached ** piety under Kikubaaqudgha
  3787 | D:4      | Your scales start taking on a dull iron-grey colour.
  3787 | D:4      | Reached XP level 7. HP: 29/50 MP: 2/12
  3787 | D:4      | Gained mutation: You can survive without breathing. [Grey Draconian growth]
  3960 | D:4      | Found a glowing golden altar of the Shining One.
  4056 | D:4      | Learned a level 3 spell: Mephitic Cloud
  4291 | D:4      | Noticed Paps's ghost (amateur HEAE)
  4347 | D:4      | Killed Paps's ghost
  4347 | D:4      | Reached skill level 1 in Conjurations
  4347 | D:4      | Reached skill level 1 in Poison Magic
  4481 | D:4      | Reached skill level 1 in Air Magic
  4698 | D:5      | Entered Level 5 of the Dungeon
  4707 | D:5      | Got a pair of bloodstained gloves
  4713 | D:5      | Identified the +1 pair of gloves "Dausag" {*Drain rC+ Int+3} (You found it on level 5 of the Dungeon)
  4926 | D:5      | Reached XP level 8. HP: 53/57 MP: 7/14
  5357 | D:4      | Reached skill level 5 in Spellcasting
  5987 | D:5      | Found a glowing silver altar of Zin.
  6148 | D:5      | Reached skill level 1 in Long Blades
  6194 | D:5      | Found a burning altar of Makhleb.
  6263 | D:6      | Reached skill level 2 in Long Blades
  6584 | D:6      | Reached skill level 3 in Long Blades
  6586 | D:6      | Reached *** piety under Kikubaaqudgha
  6586 | D:6      | Identified Kikubaaqudgha's Tome of Stolen Souls (Kikubaaqudgha gifted it to you on level 6 of the Dungeon)
  6586 | D:6      | Received a gift from Kikubaaqudgha
  6854 | D:6      | Noticed Pikel
  6945 | D:6      | Killed Pikel
  6945 | D:6      | Reached skill level 4 in Long Blades
  6945 | D:6      | Reached XP level 9. HP: 57/62 MP: 12/18
  6990 | D:6      | Learned a level 5 spell: Excruciating Wounds
  7768 | D:7      | Noticed Haldmier's ghost (novice DECj)
  8247 | D:7      | Killed Haldmier's ghost
  8518 | D:7      | Found a snail-covered altar of Cheibriados.
  8519 | D:7      | Found a shadowy altar of Dithmenos.
  8521 | D:7      | Found a radiant altar of Vehumet.
  8540 | D:7      | Found a sparkling altar of Nemelex Xobeh.
  8578 | D:7      | Reached skill level 5 in Long Blades
  8671 | D:7      | Found a deep blue altar of Sif Muna.
  8730 | D:7      | Found a staircase to the Ecumenical Temple.
  8914 | D:8      | Reached skill level 5 in Charms
  9062 | D:8      | Found an iron altar of Okawaru.
  9148 | D:8      | Noticed Erica
  9343 | D:9      | Reached **** piety under Kikubaaqudgha
  9363 | D:9      | Reached XP level 10. HP: 49/69 MP: 12/20
  9423 | D:9      | Found a staircase to the Lair.
  9613 | D:9      | Learned a level 2 spell: Sublimation of Blood
  9616 | D:9      | Learned a level 2 spell: Blink
  9794 | D:9      | Noticed an unseen horror
  9826 | D:9      | Killed an unseen horror
  9826 | D:9      | Reached skill level 6 in Long Blades
  9984 | D:9      | Got a bloodstained long sword
  9985 | D:9      | Identified the +8 long sword of Loanwet {slice, rElec rC- rN+++ Int-5} (You found it on level 9 of the Dungeon)
 10110 | D:9      | Found a staircase to the Orcish Mines.
 10251 | D:10     | Entered Level 10 of the Dungeon
 10278 | D:10     | Found a shimmering altar of Xom.
 10289 | D:10     | Found a shimmering altar of Xom.
 10289 | D:10     | Found a shimmering altar of Xom.
 10289 | D:10     | Found a shimmering altar of Xom.
 10450 | D:10     | Noticed Sagrath01's ghost (journeyman MfIE)
 10551 | D:10     | Killed Sagrath01's ghost
 10649 | D:10     | Reached ***** piety under Kikubaaqudgha
 10679 | D:10     | Noticed Nergalle
 10706 | D:10     | Killed Nergalle
 10706 | D:10     | Reached skill level 7 in Long Blades
 10706 | D:10     | Reached XP level 11. HP: 65/74 MP: 18/23
 11392 | D:10     | Reached skill level 10 in Necromancy
 11605 | D:11     | Noticed a hill giant
 11621 | D:11     | Killed a hill giant
 12022 | D:11     | Reached skill level 8 in Long Blades
 12072 | D:11     | Found a shimmering altar of Xom.
 12498 | D:8      | Killed Erica
 13029 | Lair:1   | Entered Level 1 of the Lair of Beasts
 13137 | Lair:1   | Reached skill level 1 in Fighting
 13677 | Lair:2   | Reached skill level 9 in Long Blades
 13872 | Lair:2   | Noticed an eight-headed hydra
 13895 | Lair:2   | Killed a five-headed hydra
 14137 | Lair:2   | Reached XP level 12. HP: 89/89 MP: 20/25
 14272 | Lair:2   | Noticed a six-headed hydra
 14295 | Lair:2   | Killed a five-headed hydra
 14477 | D:9      | Learned a level 6 spell: Simulacrum
 14497 | Orc:1    | Entered Level 1 of the Orcish Mines
 14645 | Orc:2    | Entered Level 2 of the Orcish Mines
 14696 | Orc:1    | Reached skill level 1 in Ice Magic
 14960 | Orc:2    | Found a roughly hewn altar of Beogh.
 14978 | Orc:2    | Found a staircase to the Elven Halls.
 15160 | Orc:2    | Reached skill level 10 in Long Blades
 15169 | Orc:2    | Noticed an ogre mage
 15193 | Orc:2    | Noticed an ogre mage
 15200 | Orc:2    | Killed an ogre mage
 15254 | Orc:2    | Killed an ogre mage
 15259 | Orc:2    | Reached skill level 5 in Ice Magic
 15260 | Orc:2    | Reached ****** piety under Kikubaaqudgha
 15655 | Orc:2    | Noticed an ogre mage
 15744 | Orc:1    | Received a gift from Kikubaaqudgha
 15765 | Orc:2    | Killed an ogre mage
 15852 | Orc:2    | Noticed an ogre mage
 15868 | Orc:2    | Killed an ogre mage
 15960 | Orc:2    | Found Nienioc's Distillery.
 15960 | Orc:2    | Found Qiur's Weapon Emporium.
 15961 | Orc:2    | Found Viulaokh's Gadget Shoppe.
 15961 | Orc:2    | Found Filoegu's Book Shop.
 15973 | Orc:2    | Bought 2 potions of agility for 136 gold pieces
 15973 | Orc:2    | Bought a potion of agility for 68 gold pieces
 15973 | Orc:2    | Bought a potion of might for 68 gold pieces
 15973 | Orc:2    | Bought 2 potions of heal wounds for 170 gold pieces
 15973 | Orc:2    | Bought a potion of haste for 170 gold pieces
 15973 | Orc:2    | Bought a potion of curing for 51 gold pieces
 15973 | Orc:2    | Bought a potion of magic for 136 gold pieces
 15973 | Orc:2    | Bought a potion of heal wounds for 85 gold pieces
 15973 | Orc:2    | Bought a potion of curing for 51 gold pieces
 16008 | Orc:2    | Found Dafihicu's Food Shop.
 16169 | Orc:1    | Found Neozoc's General Store.
 16169 | Orc:1    | Noticed Urug
 16179 | Orc:1    | Killed Urug
 16192 | Orc:1    | Bought a scroll of enchant weapon for 90 gold pieces
 16359 | Orc:1    | Noticed an ettin
 16406 | Orc:2    | Killed an ettin
 16406 | Orc:2    | Reached XP level 13. HP: 73/96 MP: 2/26
 16822 | Lair:3   | Found a hole to the Spider Nest.
 16822 | Lair:3   | Noticed Harold
 16846 | Lair:3   | Killed Harold
 16935 | Lair:3   | Reached skill level 11 in Long Blades
 17274 | Lair:3   | Noticed Snorg
 17286 | Lair:3   | Killed Snorg
 18294 | Lair:4   | Found a staircase to the Shoals.
 18442 | Lair:4   | You fall through a shaft for 2 floors!
 18442 | Lair:6   | Entered Level 6 of the Lair of Beasts
 18765 | Lair:6   | Reached skill level 10 in Ice Magic
 18893 | Lair:6   | Reached skill level 12 in Long Blades
 19504 | Lair:6   | Noticed a dire elephant
 19520 | Lair:6   | Killed a dire elephant
 19520 | Lair:6   | Reached XP level 14. HP: 89/103 MP: 15/27
 19597 | Lair:6   | Found a burning altar of Makhleb.
 19679 | Lair:6   | Found a gateway to Hell.
 19689 | Lair:6   | Reached skill level 13 in Long Blades
 19930 | Lair:6   | Reached skill level 1 in Shields
 20515 | Lair:5   | Found a staircase to the Slime Pits.
 20515 | Lair:5   | Found a viscous altar of Jiyva.
 20719 | Lair:5   | Reached skill level 5 in Shields
 22075 | D:12     | Learned a level 3 spell: Ozocubu's Armour
 22940 | D:13     | Found a gate to the Vaults.
 23040 | D:13     | Noticed Erolcha
 23047 | D:13     | Killed Erolcha
 23075 | D:13     | Found a labyrinth entrance.
 23097 | Lab      | Entered a labyrinth
 23908 | Lab      | Identified Sif Muna's Disquisition on Shape Shifting and Feathers
 23909 | Lab      | Got a pitted crystal amulet
 23943 | D:13     | Identified the amulet of Lisaxtu {RegenMP rPois MR++ Int-5 Stlth+} (You found it in a labyrinth)
 23996 | D:13     | Reached skill level 5 in Dodging
 24423 | D:13     | Reached skill level 14 in Long Blades
 24500 | D:13     | Noticed markt42's ghost (journeyman HOFi)
 24509 | D:13     | Reached skill level 10 in Spellcasting
 24555 | D:13     | Killed markt42's ghost
 24555 | D:13     | Reached XP level 15. HP: 88/110 MP: 5/29
 25315 | D:14     | Found a shadowy altar of Dithmenos.
 26297 | D:14     | Found a shadowy altar of Dithmenos.
 27287 | D:15     | Entered Level 15 of the Dungeon
 28547 | D:15     | Found a staircase to the Depths.
 28927 | Elf:1    | Entered Level 1 of the Elven Halls
 29166 | Elf:1    | Found a frozen archway.
 29175 | IceCv    | Entered an ice cave
 29522 | IceCv    | HP: 4/110 [ettin simulacrum (4)]
 29535 | IceCv    | Noticed an Ice Fiend
 29893 | Elf:1    | Reached XP level 16. HP: 89/116 MP: 21/30
 30255 | Elf:1    | Noticed a Brimstone Fiend
 30259 | Elf:1    | Noticed a Hell Sentinel
 30260 | Elf:1    | HP: 5/116 [blizzard demon[a deep elf demonologist] (4)]
 30260 | Elf:1    | Mangled by a deep elf archer

Skill      XL: |  1  2  3  4  5  6  7  8  9 10 11 12 13 14 15 16 |
---------------+-------------------------------------------------+-----
Necromancy     | 5 6 7 8 9 10 11 12 13 | 13.6
Charms         | 1 2 3 5 6 |  6.1
Spellcasting   | 3 4 6 7 8 9 10 11 | 11.0
Conjurations   | 2 4 |  4.1
Poison Magic   | 2 |  2.0
Air Magic      | 2 |  2.6
Long Blades    | 4 5 7 9 10 12 14 | 14.7
Translocations | 4 |  4.2
Fighting       | 3 |  3.8
Dodging        | 3 5 8 9 |  9.1
Ice Magic      | 7 10 | 10.0
Shields        | 5 |  5.8
Stealth        | |  1.7

Action                   |  1- 3 |  4- 6 |  7- 9 | 10-12 | 13-15 | 16-18 || total
-------------------------+-------+-------+-------+-------+-------+-------++-------
Melee: Hand axe          |    25 |   104 |   288 |       |       |       ||   417
       Tailslap          |     2 |    15 |    71 |   107 |   194 |     6 ||   395
       Long sword        |       |       |   289 |    53 |       |       ||   342
       Demon blade       |       |       |    84 |   699 |  1484 |    52 ||  2319
       Scimitar          |       |       |       |    23 |    22 |       ||    45
 Cast: Pain              |    43 |   108 |    31 |       |       |       ||   182
       Animate Skeleton  |     9 |    27 |    37 |    64 |   131 |     2 ||   270
       Regeneration      |       |     9 |    26 |    52 |   120 |     2 ||   209
       Animate Dead      |       |     1 |     4 |    16 |    20 |     1 ||    42
       Repel Missiles    |       |     1 |     1 |     1 |     2 |       ||     5
       Mephitic Cloud    |       |       |    24 |    56 |    80 |     5 ||   165
       Excruciating Woun |       |       |     3 |    16 |    53 |     1 ||    73
       Blink             |       |       |       |     3 |     6 |       ||     9
       Sublimation of Bl |       |       |       |     6 |    24 |     2 ||    32
       Simulacrum        |       |       |       |     1 |    31 |     1 ||    33
       Ozocubu's Armour  |       |       |       |       |    19 |     1 ||    20
Invok: Receive Corpses   |       |     1 |     2 |     8 |    16 |     1 ||    28
       Receive Necronomi |       |       |       |     1 |       |       ||     1
Evoke: Wand              |       |       |       |     4 |     3 |       ||     7
  Use: Scroll            |       |       |    13 |    10 |    18 |     2 ||    43
       Potion            |       |       |     2 |     4 |    11 |     2 ||    19
 Stab: Sleeping          |     1 |       |     3 |     5 |     1 |       ||    10
       Distracted        |       |     1 |     1 |     2 |     7 |       ||    11
       Confused          |       |       |    16 |    28 |    44 |     1 ||    89
  Eat: Chunk             |     2 |    13 |    22 |    34 |    70 |     3 ||   144
       Fruit             |       |       |     2 |     1 |     3 |       ||     6
       Beef jerky        |       |       |     1 |     1 |     1 |       ||     3
       Meat ration       |       |       |       |       |     1 |       ||     1
       Royal jelly       |       |       |       |       |     1 |       ||     1
Armor: Skin              |     8 |    45 |   249 |   276 |   530 |    18 ||  1126
Dodge: Dodged            |    24 |    78 |   369 |   362 |   644 |    36 ||  1513
       Deflected         |       |       |     4 |     4 |    24 |       ||    32
Block: Other             |    14 |    36 |   157 |   156 |    74 |       ||   437
       Reflection        |       |       |     8 |     6 |       |       ||    14
       Buckler           |       |       |       |       |   284 |    21 ||   305
       Rpst.: Long sword |       |       |    44 |     4 |       |       ||    48
       Demon blade       |       |       |     8 |   103 |   152 |     8 ||   271
       Scimitar          |       |       |       |     3 |     3 |       ||     6
